 Dungeon Crawl Stone Soup version 0.28-a0-984-g3775c662fe (webtiles) character file.

Game seed: 5257161723956816876

24 demibob the Magician (level 2, -1/28 HPs)
             Began as a Demonspawn Wanderer on Dec 4, 2021.
             Slain by a hobgoblin (4 damage)
             ... on level 1 of the Dungeon.
             The game lasted 00:01:37 (515 turns).

demibob the Magician (Demonspawn Wanderer)           Turns: 515, Time: 00:01:38

Health: -1/28      AC: 21    Str: 12    XL:     2   Next: 79%
Magic:  7/7        EV:  2    Int: 13    God:
Gold:   20         SH:  0    Dex: 12    Spells: 8/9 levels left

rFire   . . .      SeeInvis .   a - +0 short sword
rCold   . . .      Faith    .   (no shield)
rNeg    . . .      Spirit   .   (armour currently unavailable)
rPois   +          Reflect  .   (helmet currently unavailable)
rElec   .          Harm     .   (cloak currently unavailable)
rCorr   .          Rampage  .   (gloves currently unavailable)
Will    .....      NoTele   +   (boots currently unavailable)
Stlth   +.........              (no amulet)
HPRegen 0.09/turn               (no ring)
MPRegen 0.20/turn               (no ring)

@: tree-form
A: stationary, stasis, torment immunity, boosted hp, magic regeneration
a: no special abilities


You were on level 1 of the Dungeon.
You were a tree.
You visited 1 branch of the dungeon, and saw 1 of its levels.

You collected 20 gold pieces.


Innate Abilities, Weirdness & Mutations

You are a tree.
Your roots penetrate the ground, keeping you stationary.
You cannot be teleported.
You are immune to unholy pain and torment.
Your maximum health is greatly increased.
Your equipment is partially melded.
You regenerate magic rapidly.


   Skills:
 + Level 1.3 Short Blades
 - Level 1.0 Shields
 - Level 4.0 Spellcasting
 + Level 2.8 Conjurations
 - Level 1.7 Fire Magic
 - Level 1.0 Evocations


You had 8 spell levels left.
You knew the following spells:

 Your Spells              Type           Power      Damage    Failure   Level
m - Magic Dart            Conj           40%        1d5       6%          1

Your spell library contained the following spells:

 Spells                   Type           Power      Damage    Failure   Level
 Searing Ray              Conj           20%        2d5       10%         2
 Apportation              Tloc           4%         N/A       21%         1
 Freeze                   Ice            8%         1d3       21%         1
 Dazzling Flash           Conj/Hex       12%        N/A       34%         3
 Lesser Beckoning         Tloc           2%         N/A       52%         3
 Ozocubu's Armour         Ice            2%         N/A       52%         3
 Fulminant Prism          Conj/Hex       3%         3d6       75%         4
 Iskenderun's Mystic Bla  Conj/Tloc      6%         2d4       75%         4

Inventory:

Hand Weapons
 a - a +0 short sword (weapon)
 c - a +0 club
Armour
 b - a +0 robe (melded)
Scrolls
 e - a scroll of magic mapping {unknown}

Dungeon Overview and Level Annotations

Branches:
Dungeon (1/15)

Altars:

.# ###### #....##.#
.####....#######....##.#########
...)'.........................>#
.####....#######.#.###.#######.#
## #....# #.#.# #.# #.# #....#
#.#.# #.#######.# #....# #.#.#
#.........# #...## #.#.#
########### #...# #♣#.# #...#
######g#.# ### #...# #....#.#.#
... #....#†#.# ... #..[h..# ...
#..h.#.....# ... .?...r.#.....#
### ###...##.....# .....
#.......


You could see a hobgoblin.


Message History

The jackal bites you but does no damage.
You hit the jackal but do no damage.
The jackal bites you but does no damage.
The quokka twitches its whiskers.
You closely miss the jackal.
The jackal bites you but does no damage. x2
You hit the jackal but do no damage.
The jackal bites you but does no damage.
You hit the jackal.
The jackal is almost dead.
The jackal bites you but does no damage. x2
You hit the jackal.
You kill the jackal!
You miss the quokka.
The quokka bites you but does no damage.
You barely miss the quokka. The quokka barely misses you.
You closely miss the quokka.
The quokka bites you but does no damage. x2
You hit the quokka.
The quokka is moderately wounded.
The quokka bites you but does no damage.
You barely miss the quokka.
The quokka is moderately wounded.
The quokka bites you but does no damage.
You hit the quokka.
You kill the quokka!
You hit the hobgoblin.
The hobgoblin is severely wounded.
The hobgoblin hits you.
You die...

Skill      XL: |  1  2 |
---------------+-------+-----
Short Blades   | 1 |  1.3
Shields        | |  1.0
Spellcasting   | |  4.0
Conjurations   | |  2.8
Fire Magic     | |  1.7
Evocations     | |  1.0

Action                   || total
-------------------------++-------
Melee: Short sword       ||    73
 Cast: Magic Dart        ||     6
  Use: Potion            ||     1
Armor: Robe              ||     8
       Skin              ||    33
Dodge: Dodged            ||    32

Levels and vault maps discovered:
D:1:      minmay_arrival_four_houses, layout_basic

Notes
Turn   | Place    | Note
-------+----------+-------------------------------------------
     0 | D:1      | demibob the Demonspawn Wanderer began the quest for the
                  | Orb.
     0 | D:1      | demibob set off with the following items: a +0 club, a +0
                  | robe; and the following spells available to memorise: Magic
                  | Dart, Searing Ray, Apportation, Freeze, Dazzling Flash,
                  | Lesser Beckoning, Ozocubu's Armour, Fulminant Prism,
                  | Iskenderun's Mystic Blast
     0 | D:1      | Reached XP level 1. HP: 13/13 MP: 5/5
     2 | D:1      | Learned a level 1 spell: Magic Dart
   129 | D:1      | Gained mutation: You regenerate magic rapidly. [demonic
                  | ancestry]
   129 | D:1      | Reached XP level 2. HP: 19/19 MP: 7/7
   135 | D:1      | Reached skill level 1 in Short Blades
   502 | D:1      | HP: 2/28 [jackal (2)]
   515 | D:1      | Slain by a hobgoblin

Vanquished Creatures
  A dart slug (D:1)
  3 ball pythons (D:1)
  A bat (D:1)
  A giant cockroach (D:1)
  A goblin (D:1)
  3 hobgoblins (D:1)
  3 jackals (D:1)
  3 kobolds (D:1)
  A quokka (D:1)
17 creatures vanquished.

Table legend: (Time is in decaauts)
 A = Elapsed time spent in this place.
 B = Non-inter-level travel time spent in this place.
 C = Inter-level travel time spent in this place.
 D = Time resting spent in this place.
 E = Time spent auto-exploring this place.
 F = Levels seen in this place.
 G = Mean time per level.
                   A        B        C        D        E       F      G
               +--------+--------+--------+--------+--------+-----+--------+
         Total |    518 |    518 |      0 |      0 |    380 |   1 |  518.0 |
       Dungeon |    518 |    518 |      0 |      0 |    380 |   1 |  518.0 |
               +--------+--------+--------+--------+--------+-----+--------+

Top non-repeatable levels by time:
     D:1: 518 daAuts

Table legend:
 A = Non-vault XP
 B = Vault XP
 C = Vault XP percentage of total XP
 D = Non-vault monster count
 E = Vault monster count
 F = Vault count percentage of total count
                 A         B        C        D         E       F
            +---------+---------+-------+---------+---------+-------
      Total |      35 |       0 |   0.0 |      17 |       0 |   0.0
            +---------+---------+-------+---------+---------+-------
        D:1 |      35 |       0 |   0.0 |      17 |       0 |   0.0
            +---------+---------+-------+---------+---------+-------
